 Dungeon Crawl Stone Soup version 0.26-a0-639-g72c4674329 (webtiles) character file.

Game seed: 6074809722991753430

13263 Lanoc the Scorcher (level 11, -9/74 HPs)
             Began as a Pale Draconian Fire Elementalist on Sept 18, 2020.
             Was the Champion of Wu Jian.
             Shot with a bolt by an orc warlord (30 damage)
             ... in a bailey.
             The game lasted 00:27:46 (13215 turns).

Lanoc the Scorcher (DrFE)                          Turns: 13215, Time: 00:27:46

Health: -9/74      AC:  9    Str: 11    XL:     11   Next: 73%
Magic:  7/14       EV: 17    Int: 18    God:    Wu Jian [******]
Gold:   614        SH:  0    Dex: 12    Spells: 9/14 levels left

rFire    + + +     SeeInvis .   a - staff of fire
rCold    x x .     Faith    .   (no shield)
rNeg     . . .     Spirit   .   (armour unavailable)
rPois    .         Reflect  .   t - +2 hat
rElec    .         Harm     .   (no cloak)
rCorr    .         Rampage  .   (no gloves)
MR       .....                  (no boots)
Stlth    ++........             c - amulet of magic regeneration
HPRegen  0.22/turn              d - ring of fire
MPRegen  0.39/turn              r - ring of fire

@: no status effects
A: breathe steam, unfitting armour, cold-blooded, AC +7
a: Breathe Steam, Wall Jump, Serpent's Lash, Heavenly Storm, Renounce Religion


You were in a bailey.
You worshipped Wu Jian.
Wu Jian was exalted by your worship.
You visited 2 branches of the dungeon, and saw 12 of its levels.
You also visited: Ossuary and Bailey.

You collected 614 gold pieces.

Inventory:

Hand Weapons
 b - the +7 hand axe "Yrchej" {vorpal, MR+}
   (You took it off an orc wizard on level 11 of the Dungeon)

   It inflicts extra damage upon your enemies.
   It affects your resistance to hostile enchantments.
Armour
 i - a +0 kite shield
 t - a +2 hat (worn)
Magical Staves
 a - an uncursed staff of fire (weapon)
Jewellery
 c - an amulet of magic regeneration (around neck)
 d - a ring of fire (left hand)
 r - a ring of fire (right hand)
 s - an uncursed ring of resist corrosion
Wands
 j - a wand of random effects (28)
 q - a wand of digging (4)
 w - a wand of paralysis (7)
 F - a wand of enslavement (4)
Scrolls
 h - 8 scrolls of teleportation
 m - 10 scrolls of remove curse
 o - 4 scrolls of enchant weapon
 u - a scroll of immolation
 y - a scroll of brand weapon
 z - 2 scrolls of blinking
 A - a scroll of magic mapping
 B - a scroll of enchant armour
 E - a scroll of identify
 G - 5 scrolls of amnesia
Potions
 e - 3 potions of cancellation
 f - a potion of brilliance
 g - 2 potions of berserk rage
 k - 3 potions of lignification
 l - a potion of ambrosia
 p - 4 potions of curing
 v - 2 potions of might
 x - 2 potions of flight
 C - a potion of stabbing {unknown}
 D - 2 potions of mutation
 H - 2 potions of magic {unknown}
 I - a potion of experience {unknown}


   Skills:
 + Level 10.2 Dodging
 - Level 1.7 Stealth
 - Level 2.0 Spellcasting
 - Level 1.0 Conjurations
 * Level 16.2 Fire Magic


You had 9 spell levels left.
You knew the following spells:

 Your Spells              Type           Power        Failure   Level
a - Foxfire               Conj/Fire      ####         1%          1
b - Sticky Flame          Conj/Fire      #######.     5%          4

Your spell library contained the following spells:

 Spells                   Type           Power        Failure   Level
 Conjure Flame            Conj/Fire      #######.     1%          3
 Inner Flame              Hex/Fire       #######.     1%          3
 Fireball                 Conj/Fire      #######...   14%         5
 Passwall                 Tmut/Erth      #.......     26%         2
 Swiftness                Air            #.......     26%         2
 Passage of Golubria      Tloc           N/A          87%         4
 Lee's Rapid Deconstruct  Erth           #.........   99%         5
 Invisibility             Hex            #.......     100%        6


Dungeon Overview and Level Annotations

Branches:
Dungeon (11/15)            Temple (1/1) D:4            Lair (0/6) D:9
    Orc (0/2) D:9         Ossuary (visited)          Bailey (1/1)

Altars:
Gozag
Hepliaklqana
Makhleb
Nemelex Xobeh
Okawaru
Qazlal
Ru
Sif Muna
Uskayaw
Vehumet
Wu Jian
Zin

Shops:
D:9 [


Innate Abilities, Weirdness & Mutations

You can breathe blasts of scalding, opaque steam.
Your pale cyan-grey scales are hard. (AC +7)
You cannot fit into any form of body armour.
You are cold-blooded and may be slowed by cold attacks.


Message History

Aim: an orc knight, wielding a +0 war axe and wearing a +0 ring mail (steam, almost dead)
You feel a huge surge of power!
The sticky flame hits the orc knight!
You kill the orc knight!
The Council accepts your kill.
The orc warrior is engulfed in a cloud of scalding steam.
Casting: Sticky Flame (dangerous; 5% risk of failure)
Confirm with . or Enter, or press ? or * to list all spells.
Aiming: Sticky Flame (dangerous; 5% risk of failure)
Press: ? - help, Shift-Dir - straight line, f - orc warrior
Aim: an orc warrior, wielding a +0 war axe and wearing a +0 plate armour (severely wounded, strong)
You feel a huge surge of power!
The sticky flame hits the orc warrior!
You kill the orc warrior!
The Council accepts your kill.
The orc warlord is engulfed in a cloud of scalding steam.
The orc warlord shoots a bolt.
The bolt hits you.
* * * LOW HITPOINT WARNING * * *
You see here a bolt.
You have got your breath back.
The orc warlord shoots a bolt.
The bolt hits you!!
You die...

)..###o.
###.........##....
)g.8##..
#.....)..)..#....
..o8#.g.
#......)....'....
(..)o)).
#.....⌠.....'..∩.
§..8#(..
#.....).....')...
...8##..
#......))...#.... ...###
. ###.........##....
)###.###
###.###.)...###♣♣♣..
'#.....###
###..@..#)#.### ♣..
.........###..(......###
♣♣♣
..........#.......)...#
...)......#...........#
..)o⌠.....#)....⌠.....#
.......))o))))........#
.........)#...........#
.......(.###.........##
##...§.### ###.....###


You could see an orc warlord (strong, poisoned).

Vanquished Creatures
  Erolcha (D:11)
  Fannar (D:10)
  A two-headed ogre (D:8)
  2 orc knights (Bailey)
  A cyclops (D:11)
  A troll (D:10)
  2 hippogriffs
  12 yaks
  2 basilisks (D:9)
  A steam dragon (D:9)
  A two-headed ogre zombie (D:9)
  Menkaure (D:4)
  A water moccasin (D:9)
  2 porcupines (D:9)
  14 orc warriors
  2 sky beasts
  3 black bears (D:9)
  A necrophage (D:7)
  2 wolves (D:9)
  9 ogres
  5 phantoms
  3 centaurs
  A crocodile (D:9)
  Blork the orc (D:5)
  2 big kobolds
  4 elf skeletons (D:6)
  3 bullfrogs
  2 water moccasin zombies (D:7)
  A wyvern skeleton (D:10)
  4 scorpions
  12 wights
  A centaur zombie (D:10)
  A howler monkey (D:4)
  A bullfrog zombie (D:7)
  3 jellies
  A human zombie (Ossuary)
  8 orc wizards
  2 orc priests
  5 hounds
  2 iguanas
  2 bullfrog skeletons
  4 centaur skeletons
  A human skeleton (D:6)
  Terence (D:2)
  4 worker ants
  7 ogre zombies (D:9)
  6 hound zombies
  A hound skeleton (D:4)
  3 mummies (Ossuary)
  A worker ant zombie (D:10)
  8 gnolls (Bailey)
  A howler monkey skeleton (D:7)
  14 adders
  A white imp (D:8)
  7 adder zombies
  2 worms (D:2)
  A dart slug (D:1)
  5 leopard geckos
  48 orcs
  3 giant cockroaches
  18 goblins
  22 hobgoblins
  14 jackals
  3 quokkas
  A ball python (D:5)
  3 bats
  2 frilled lizards
  3 gnoll zombies (Ossuary)
  2 goblin skeletons (D:9)
  8 goblin zombies
  4 hobgoblin skeletons (D:9)
  3 hobgoblin zombies
  4 jackal zombies (Ossuary)
  19 kobolds
  7 kobold zombies (Ossuary)
  A leopard gecko skeleton (D:4)
  6 orc skeletons
  12 orc zombies
  A quokka skeleton (D:4)
  A quokka zombie (Ossuary)
  6 rats
  4 rat zombies (Ossuary)
386 creatures vanquished.

Vanquished Creatures (others)
  1272 foxfires
  3 fungi (D:9)
  26 plants (D:9)
1301 creatures vanquished.

Grand Total: 1687 creatures vanquished

Notes
Turn   | Place    | Note
-------+----------+-------------------------------------------
     0 | D:1      | Lanoc the Draconian Fire Elementalist began the quest for
                  | the Orb.
     0 | D:1      | Reached XP level 1. HP: 14/14 MP: 3/3
   122 | D:1      | Reached XP level 2. HP: 4/20 MP: 0/5
   752 | D:3      | Reached XP level 3. HP: 26/26 MP: 2/6
   987 | D:3      | Reached skill level 4 in Fire Magic
  1331 | D:3      | Reached XP level 4. HP: 19/33 MP: 2/7
  1878 | D:3      | Found a radiant altar of Vehumet.
  1879 | D:3      | Found a burning altar of Makhleb.
  2000 | D:2      | Reached skill level 5 in Fire Magic
  2111 | D:2      | Reached XP level 5. HP: 38/38 MP: 4/8
  2441 | D:2      | Found a faded altar of an unknown god.
  2465 | D:2      | Became a worshipper of the Wu Jian Council
  2465 | D:2      | Reached * piety under Wu Jian
  2480 | D:2      | Noticed Terence
  2507 | D:2      | Killed Terence
  3068 | D:3      | Found an opulent altar of Gozag.
  3542 | D:4      | Noticed an ogre
  3548 | D:4      | Killed an ogre
  3548 | D:4      | Reached skill level 6 in Fire Magic
  3548 | D:4      | Reached XP level 6. HP: 45/45 MP: 3/9
  3554 | D:4      | Learned a level 4 spell: Sticky Flame
  3617 | D:4      | Found a stormy altar of Qazlal.
  3772 | D:4      | Noticed Menkaure
  3782 | D:4      | Reached ** piety under Wu Jian
  3786 | D:4      | Your scales start taking on a pale cyan-grey colour.
  3786 | D:4      | Reached skill level 7 in Fire Magic
  3786 | D:4      | Reached XP level 7. HP: 50/50 MP: 1/10
  3940 | D:4      | Found a staircase to the Ecumenical Temple.
  3949 | Temple   | Entered the Ecumenical Temple
  4091 | D:4      | Killed Menkaure
  4091 | D:4      | Reached skill level 8 in Fire Magic
  4353 | D:5      | Entered Level 5 of the Dungeon
  4353 | D:5      | Noticed Blork the orc
  4361 | D:5      | Killed Blork the orc
  4554 | D:5      | Reached skill level 5 in Dodging
  4613 | D:5      | Reached skill level 9 in Fire Magic
  4613 | D:5      | Reached XP level 8. HP: 26/57 MP: 11/11
  4866 | D:5      | Found an iron altar of Okawaru.
  5091 | D:6      | Reached skill level 10 in Fire Magic
  5234 | D:6      | Found a sand-covered staircase.
  5239 | Ossuary  | Entered an ossuary
  5268 | Ossuary  | Reached *** piety under Wu Jian
  5645 | Ossuary  | Reached **** piety under Wu Jian
  5663 | Ossuary  | Reached XP level 9. HP: 62/62 MP: 10/12
  5819 | D:6      | Reached skill level 11 in Fire Magic
  6032 | D:6      | Found a sparkling altar of Nemelex Xobeh.
  7266 | D:7      | Found a hazy altar of Hepliaklqana.
  7589 | D:8      | Reached skill level 12 in Fire Magic
  7681 | D:8      | Noticed a two-headed ogre
  7690 | D:8      | Killed a two-headed ogre
  7690 | D:8      | Reached XP level 10. HP: 57/69 MP: 3/13
  7925 | D:8      | Reached skill level 13 in Fire Magic
  9010 | D:9      | Found a staircase to the Lair.
  9098 | D:9      | Reached ***** piety under Wu Jian
  9619 | D:9      | Reached skill level 14 in Fire Magic
  9677 | D:9      | Found a hide-covered altar of Uskayaw.
  9788 | D:9      | Found Atedarcha's Armour Boutique.
 10037 | D:9      | Found a staircase to the Orcish Mines.
 10742 | D:10     | Entered Level 10 of the Dungeon
 11023 | D:10     | Found a shimmering blue altar of Sif Muna.
 11330 | D:10     | Reached XP level 11. HP: 74/74 MP: 4/14
 11611 | D:10     | Noticed Fannar
 11625 | D:10     | Killed Fannar
 11709 | D:10     | Reached skill level 15 in Fire Magic
 12194 | D:11     | Noticed Erolcha
 12205 | D:11     | Killed Erolcha
 12222 | D:11     | Identified the +7 hand axe "Yrchej" {vorpal, MR+}
 12259 | D:11     | Found a flagged portal.
 12268 | Bailey   | Entered a bailey
 12527 | Bailey   | Reached skill level 10 in Dodging
 12590 | Bailey   | Noticed an orc knight
 12655 | Bailey   | Killed an orc knight
 12655 | Bailey   | Reached skill level 16 in Fire Magic
 12992 | Bailey   | Reached ****** piety under Wu Jian
 13168 | Bailey   | Noticed an orc warlord
 13176 | Bailey   | Noticed an orc knight
 13209 | Bailey   | Killed an orc knight
 13215 | Bailey   | Shot with a bolt by an orc warlord

Illustrated notes

Levels and vault maps discovered:
D:1:      dpeg_arrival_rooms_c, layout_loops_ring
D:2:      layout_basic, serial_forest, infiniplex_forest_lined_3,
          infiniplex_forest_straight_3, infiniplex_forest_lined_3,
          infiniplex_forest_lined_room_2, infiniplex_forest_end_3,
          chequers_ecumenical_altar_simple_redux, kennysheep_another_room,
          uniq_terence
D:3:      layout_basic, grunt_temple_overflow_lords_of_destruction,
          grunt_gozag_statues
D:4:      layout_basic, nicolae_qazlal_general_emergency, temple_hall,
          uniq_menkaure
D:5:      layout_rooms, nicolae_overflow_hidden_temple, uniq_blork_the_orc
D:6:      layout_basic, nemelex_altar_shiori, nicolae_ossuary_entry_catacombs
D:7:      layout_cave_pods, lemuel_coloured_pillars_altar
D:8:      layout_loops_cross
D:9:      layout_loops_corners, eat_drink_and_be_merry_uskayaw,
          minmay_lair_entry_grove, zombieorc2_lemuel, serial_shops,
          nicolae_shop_waterfront
D:10:     layout_gridville, basic_altar, uniq_fannar
D:11:     layout_small_grid, enter_bailey_2, uniq_erolcha
Temple:   dpeg_chambers_temple
Bailey:   bailey_axe_minmay_hex_keep, bailey

Skill      XL: |  1  2  3  4  5  6  7  8  9 10 11 |
---------------+----------------------------------+-----
Dodging        | 2 3 4 5 6 7 9 10 | 10.2
Fire Magic     | 4 5 6 7 9 10 12 14 16 | 16.2
Stealth        | |  1.7
Spellcasting   | |  2.0
Conjurations   | |  1.0

Action                   |  1- 3 |  4- 6 |  7- 9 | 10-12 || total
-------------------------+-------+-------+-------+-------++-------
Melee: Unarmed           |    46 |    59 |       |       ||   105
       Tailslap          |     6 |     9 |    14 |     5 ||    34
       Trident           |       |     8 |   123 |       ||   131
       Staff             |       |       |    16 |    46 ||    62
Throw: Dart              |       |     4 |       |     8 ||    12
 Cast: Foxfire           |    54 |   107 |   155 |   430 ||   746
       Sticky Flame      |       |       |       |     4 ||     4
Invok: Whirlwind         |       |     9 |     1 |    10 ||    20
       Lunge             |       |     2 |       |     3 ||     5
 Abil: Breathe Steam     |       |       |    49 |    58 ||   107
Evoke: Wand              |       |       |       |     9 ||     9
  Use: Scroll            |       |       |    16 |     8 ||    24
       Potion            |       |       |       |     4 ||     4
 Stab: Sleeping          |     1 |       |     3 |       ||     4
Armor: Skin              |    12 |    29 |    40 |    42 ||   123
Dodge: Dodged            |    32 |    70 |    94 |   117 ||   313

Table legend: (Time is in decaauts)
 A = Elapsed time spent in this place.
 B = Non-inter-level travel time spent in this place.
 C = Inter-level travel time spent in this place.
 D = Time resting spent in this place.
 E = Time spent auto-exploring this place.
 F = Levels seen in this place.
 G = Mean time per level.
                   A        B        C        D        E       F      G
               +--------+--------+--------+--------+--------+-----+--------+
         Total |  13261 |  12941 |    320 |    464 |   9953 |  14 |  947.2 |
       Dungeon |  11750 |  11430 |    320 |    226 |   9125 |  11 | 1068.2 |
        Temple |      1 |      1 |      0 |      0 |      0 |   1 |    1.0 |
       Ossuary |    562 |    562 |      0 |      0 |    425 |   1 |  562.0 |
        Bailey |    946 |    946 |      0 |    238 |    403 |   1 |  946.0 |
               +--------+--------+--------+--------+--------+-----+--------+

Top non-repeatable levels by time:
     D:9: 2333 daAuts
     D:2: 1481 daAuts
     D:3: 1469 daAuts
    D:10: 1340 daAuts
     D:7: 1098 daAuts
     D:8: 978 daAuts
  Bailey: 946 daAuts
     D:4: 817 daAuts
     D:6: 750 daAuts
     D:5: 707 daAuts
     D:1: 588 daAuts
 Ossuary: 562 daAuts
    D:11: 185 daAuts
  Temple: 1 daAuts
